 Dungeon Crawl Stone Soup version 0.30-a0-777-ga9a30cbeda (webtiles) character file.

Game seed: 9216898375181902828

2467 kingofthe the Sneak (level 9, -13/51 HPs)
             Began as an Octopode Conjurer on Feb 14, 2023.
             Was a Follower of Sif Muna.
             Mangled by an orc warrior
             ... wielding a +0 hand axe
              (19 damage)
             ... on level 7 of the Dungeon.
             The game lasted 00:30:20 (11108 turns).

kingofthe the Sneak (Octopode Conjurer)            Turns: 11108, Time: 00:30:21

Health: -13/51     AC:  3    Str:  6    XL:     9   Next: 51%
Magic:  13/16      EV: 17    Int: 17    God:    Sif Muna [*.....]
Gold:   390        SH:  0    Dex: 19    Spells: 8/17 levels left

rFire   + + +      SeeInvis .    b - +1 hand axe "Wumerr" {flame, *Noise rF+++ Int-3 Dex+4}
rCold   . . .      Faith    .    (no shield)
rNeg    . . .      Spirit   .    C - +2 hat
rPois   .          Reflect  .    (no amulet)
rElec   .          Harm     .    (no ring)
rCorr   .          Rampage  .    (no ring)
Will    .....                    (no ring)
Stlth   +++++                    (no ring)
HPRegen 0.28/turn                (no ring)
MPRegen 0.15/turn                (no ring)
                                 (no ring)
                                 (no ring)

@: no status effects
A: almost no armour, amphibious, 8 rings, camouflage 1, gelatinous body 1,
(nimble swimmer 1), tentacles
a: Renounce Religion, Channel Magic


You were on level 7 of the Dungeon.
You worshipped Sif Muna.
Sif Muna was aware of your devotion.
You visited 2 branches of the dungeon, and saw 9 of its levels.

You collected 390 gold pieces.

Inventory:

Hand Weapons
 a - a +2 dagger of electrocution
 b - the +1 hand axe "Wumerr" (weapon) {flame, *Noise rF+++ Int-3 Dex+4}
   (You found it on level 6 of the Dungeon)

   Int:       It affects your intelligence (-3).
   Dex:       It affects your dexterity (+4).
   rF:        It renders you almost immune to fire.
   *Noise:    It may make noises in combat.
 m - a +0 antimagic dagger
 x - a +1 dagger of protection
Armour
 C - a +2 hat (worn)
Magical Staves
 n - a staff of death
Jewellery
 z - an amulet of faith
Wands
 v - a wand of mindburst (6)
 w - a wand of polymorph (12)
Scrolls
 c - 5 scrolls of identify
 f - a scroll of enchant armour
 g - a scroll of poison
 h - a scroll of enchant weapon
 i - 9 scrolls of teleportation
 o - a scroll of fear
 r - a scroll of noise
 t - 2 scrolls of amnesia
Potions
 d - a potion of resistance {unknown}
 e - 4 potions of curing
 j - 2 potions of berserk rage
 k - a potion of attraction {unknown}
 l - a potion of heal wounds
 p - a potion of might {unknown}
 q - a potion of ambrosia {unknown}
 s - 2 potions of magic
 u - 2 potions of haste {unknown}
 B - 2 potions of brilliance


   Skills:
 * Level 6.5 Dodging
 + Level 6.6 Stealth
 + Level 4.8 Spellcasting
 + Level 5.8 Conjurations
 * Level 5.0 Hexes
 - Level 3.0 Air Magic
 + Level 4.8 Poison Magic


You had 8 spell levels left.
You knew the following spells:

 Your Spells              Type           Power      Damage    Failure   Level
a - Magic Dart            Conj           96%        1d7       1%          1
b - Searing Ray           Conj           48%        2d6       1%          2
c - Poisonous Vapours     Pois/Air       34%        N/A       4%          2
d - Slow                  Hex            84%        N/A       1%          1
e - Mephitic Cloud        Conj/Pois/Air  19%        N/A       7%          3

Your spell library contained the following spells:

 Spells                   Type           Power      Damage    Failure   Level
 Dazzling Flash           Conj/Hex       44%        N/A       4%          3
 Confusing Touch          Hex            21%        N/A       5%          3
 Cigotuvi's Dreadful Rot  Necr/Pois/Air  26%        N/A       8%          2
 Fulminant Prism          Conj/Hex       11%        3d8       16%         4
 Vampiric Draining        Necr           4%         2d6       41%         3
 Iskenderun's Mystic Bla  Conj/Tloc      14%        2d5       41%         4


Dungeon Overview and Level Annotations

Branches:
Dungeon (8/15)             Temple (1/1) D:6
   Lair: D:8-11

Altars:
Ashenzari
Dithmenos
Kikubaaqudgha
Makhleb
Sif Muna
Uskayaw
Vehumet
Wu Jian
Xom
Yredelemnul
The Shining One

Annotations:
D:8 Pikel


Innate Abilities, Weirdness & Mutations

You cannot wear most types of armour.
You are amphibious.
You can wear up to eight rings at the same time.
Your skin changes colour to match your surroundings (Stealth+).
Your rubbery body absorbs attacks. (AC +1, EV +1)
((You are camouflaged when in or above water. (Stealth+)))
You have tentacles for arms and can constrict up to eight enemies at once.


Message History

Aiming: Slow (safe; 1% risk of failure)
Press: ? - help, Shift-Dir - straight line, f/p - orc warrior
Aim: an orc warrior, wielding a +0 hand axe and wearing a +0 plate armour (chance to affect: 53%)
The orc warrior seems to slow down.
Casting: Slow (safe; 1% risk of failure)
Confirm with . or Enter, or press ? or * to list all spells.
Aiming: Poisonous Vapours (safe; 4% risk of failure)
Press: ? - help, Dir - move target, f/p - orc warrior
Aim: an orc warrior, wielding a +0 hand axe and wearing a +0 plate armour (slow) Poisonous vapours surround the orc warrior!
The orc warrior is poisoned.
The orc warrior drinks a potion.
The orc warrior shakes off its lethargy.
The orc warrior goes berserk!
You hear a shout!
The orc warrior rages.
You hear a shout!
The orc warrior rages.
The orc warrior attacks as you move away!
The orc warrior barely misses you.
The orc warrior looks more healthy.
The orc warrior rages.
The orc warrior attacks as you move away!
The orc warrior hits you with a +0 hand axe!
The orc warrior misses you.
There is a stone staircase leading up here.
The orc warrior completely misses you.
You climb upwards.
There is a stone staircase leading down here.
Casting: Poisonous Vapours (safe; 4% risk of failure)
Confirm with . or Enter, or press ? or * to list all spells.
Aiming: Slow (safe; 1% risk of failure)
Press: ? - help, Shift-Dir - straight line, f - orc warrior
Aim: an orc warrior, wielding a +0 hand axe and wearing a +0 plate armour (lightly wounded, berserk, chance to affect: 53%)
The orc warrior seems to slow down.
The orc warrior hits you with a +0 hand axe!!
* * * LOW HITPOINT WARNING * * *
The orc warrior hits you with a +0 hand axe!
* * * LOW HITPOINT WARNING * * *
The orc warrior attacks as you move away!
The orc warrior hits you with a +0 hand axe!!
You die...

#.....^..### #.##..##
#....# ###......'.##
#.##.## ######
#......#..###.##.#######
#......##..##.##.......#
#......###.##..........#
######## #.###.........#
#.# #.##......#
#.###.#######.# #@##..#
#.# #o#..########.#
#>............#
###############


You could see an orc warrior (berserk, slow).

Vanquished Creatures
  A steam dragon (D:8)
  2 black bears
  2 ogres
  3 centaurs
  3 phantoms
  A bullfrog (D:8)
  3 necrophages
  2 scorpions (D:4)
  5 wights (D:6)
  A howler monkey (D:5)
  4 jellies
  6 hounds
  2 orc priests (D:8)
  4 iguanas
  6 orc wizards
  7 gnolls
  3 adders
  A shadow imp (D:6)
  A white imp (D:5)
  An ufetubus (D:6)
  A worm (D:5)
  19 orcs
  7 bats
  6 endoplasms
  3 giant cockroaches
  10 goblins
  8 hobgoblins
  12 jackals
  3 quokkas
  7 ball pythons
  5 frilled lizards
  10 kobolds
  9 rats
158 creatures vanquished.

Notes
Turn   | Place    | Note
-------+----------+-------------------------------------------
     0 | D:1      | kingofthe the Octopode Conjurer began the quest for the
                  | Orb.
     0 | D:1      | Reached XP level 1. HP: 11/11 MP: 3/3
   310 | D:1      | Reached XP level 2. HP: 17/17 MP: 0/5
   378 | D:1      | Learned a level 2 spell: Searing Ray
  1075 | D:1      | Reached XP level 3. HP: 21/21 MP: 3/7
  1719 | D:2      | Learned a level 2 spell: Poisonous Vapours
  1850 | D:2      | Reached XP level 4. HP: 27/27 MP: 6/8
  2026 | D:2      | Found a faded altar of an unknown god.
  2038 | D:2      | Learned a level 1 spell: Slow
  2794 | D:2      | Reached skill level 1 in Poison Magic
  2897 | D:3      | Reached skill level 1 in Hexes
  2897 | D:3      | Reached XP level 5. HP: 31/31 MP: 3/9
  3998 | D:4      | Reached XP level 6. HP: 27/36 MP: 5/11
  4673 | D:4      | Reached XP level 7. HP: 41/41 MP: 8/12
  5131 | D:5      | Entered Level 5 of the Dungeon
  6348 | D:5      | Reached skill level 5 in Conjurations
  6361 | D:5      | Reached skill level 5 in Stealth
  6361 | D:5      | Reached XP level 8. HP: 41/46 MP: 3/13
  6985 | D:5      | Reached skill level 5 in Dodging
  7220 | D:5      | Learned a level 3 spell: Mephitic Cloud
  7543 | D:6      | Found a staircase to the Ecumenical Temple.
  7554 | Temple   | Entered the Ecumenical Temple
  7560 | Temple   | Became a worshipper of Sif Muna the Loreminder
  7820 | D:6      | Reached skill level 1 in Air Magic
  8598 | D:6      | Reached XP level 9. HP: 39/51 MP: 4/15
  8766 | D:6      | Identified the +1 hand axe "Wumerr" {flame, *Noise rF+++
                  | Int-3 Dex+4}
 10299 | D:8      | Noticed Pikel
 10454 | D:8      | Reached * piety under Sif Muna
 10809 | D:8      | Reached skill level 5 in Hexes
 11108 | D:7      | Mangled by an orc warrior

Illustrated notes

Levels and vault maps discovered:
D:1:      co_arrival_random_square_maze, layout_loops_ring, due_unseen_surprise
D:2:      layout_rooms, hellmonk_ecumenical_altar_inner_sanctum, minmay_circle_x
D:3:      layout_rooms, serial_park_tiny_pond
D:4:      cheibrodos_greedy_goblins, layout_loops_corners,
          minmay_misc_feat_diagonals, minmay_hedge_maze
D:5:      layout_rooms
D:6:      layout_basic, minmay_temple_entry_grid
D:7:      layout_basic, minivault_5
D:8:      layout_basic, uniq_pikel
Temple:   chequers_temple_sunken

Skill      XL: |  1  2  3  4  5  6  7  8  9 |
---------------+----------------------------+-----
Spellcasting   | 3 4 |  4.8
Stealth        | 3 4 5 6 |  6.6
Dodging        | 3 4 5 6 |  6.5
Poison Magic   | 1 2 3 4 |  4.8
Hexes          | 1 2 3 4 5 |  5.0
Conjurations   | 5 |  5.8
Air Magic      | 2 3 |  3.0

Action                     |  1- 3 |  4- 6 |  7- 9 || total
---------------------------+-------+-------+-------++-------
  Melee: Unarmed           |     8 |       |       ||     8
         Constrict         |     2 |     2 |     1 ||     5
         Dagger            |       |     6 |     2 ||     8
         Tentacles         |       |     1 |     2 ||     3
         Punch             |       |       |     1 ||     1
   Cast: Magic Dart        |    77 |    63 |   109 ||   249
         Searing Ray       |     4 |    21 |    60 ||    85
         Slow              |       |    10 |    57 ||    67
         Poisonous Vapours |       |       |     3 ||     3
    Use: Potion            |       |       |     3 ||     3
         Scroll            |       |       |    13 ||    13
 Armour: Skin              |     3 |     1 |     3 ||     7
  Dodge: Dodged            |     8 |    23 |    65 ||    96

Table legend: (Time is in decaauts)
 A = Elapsed time spent in this place.
 B = Non-inter-level travel time spent in this place.
 C = Inter-level travel time spent in this place.
 D = Time resting spent in this place.
 E = Time spent auto-exploring this place.
 F = Levels seen in this place.
 G = Mean time per level.
                   A        B        C        D        E       F      G
               +--------+--------+--------+--------+--------+-----+--------+
         Total |  11129 |  10505 |    624 |   2937 |   6220 |   9 | 1236.6 |
       Dungeon |  10916 |  10301 |    615 |   2937 |   6028 |   8 | 1364.5 |
        Temple |    212 |    203 |      9 |      0 |    192 |   1 |  212.0 |
               +--------+--------+--------+--------+--------+-----+--------+

Top non-repeatable levels by time:
     D:4: 2426 daAuts
     D:6: 1894 daAuts
     D:2: 1518 daAuts
     D:5: 1514 daAuts
     D:1: 1163 daAuts
     D:7: 901 daAuts
     D:3: 817 daAuts
     D:8: 681 daAuts
  Temple: 212 daAuts
